[Event "Live Chess"]
[Site "Chess.com"]
[Date "2010.12.10"]
[Round "-"]
[White "hipposcottimus"]
[Black "thinkaboutitplz"]
[Result "1-0"]
[CurrentPosition "8/6p1/4R1k1/5p1p/4p3/2K5/r7/8 b - -"]
[Timezone "UTC"]
[ECO "B20"]
[ECOUrl "https://www.chess.com/openings/Sicilian-Defense"]
[UTCDate "2010.12.10"]
[UTCTime "05:13:32"]
[WhiteElo "1666"]
[BlackElo "1597"]
[TimeControl "60+1"]
[Termination "hipposcottimus won on time"]
[StartTime "05:13:32"]
[EndDate "2010.12.10"]
[EndTime "05:16:43"]
[Link "https://www.chess.com/game/live/75804554"]

1. e4 c5 2. Bb5 Nc6 3. Bxc6 bxc6 4. c4 d5 5. d3 dxe4 6. dxe4 Qxd1+ 7. Kxd1 Nf6 8. Ne2 Nxe4 9. Be3 Be6 10. Nbc3 Nxc3+ 11. Nxc3 Bxc4 12. Kc2 e6 13. Rad1 Be7 14. Kb1 O-O 15. Na4 Bd5 16. Bxc5 Bxc5 17. Nxc5 Bxg2 18. Rhg1 Bf3 19. Rd3 Bh5 20. Rdg3 Bg6+ 21. Ka1 Rfd8 22. Nb7 Rd2 23. Nc5 Rb8 24. Nb3 Rxf2 25. h4 h5 26. Rg5 Rd8 27. Ra5 Rd7 28. Rc5 Be4 29. Rgc1 Bd5 30. R5c3 Bxb3 31. Rxb3 Rdd2 32. Rbc3 Rxb2 33. Ra3 Rbc2 34. Rxc2 Rxc2 35. Rxa7 Kh7 36. Rc7 Kg6 37. Re7 Kf6 38. Rc7 e5 39. Ra7 e4 40. Ra3 c5 41. Kb1 Rh2 42. Re3 Kf5 43. Rc3 Rxh4 44. Rxc5+ Kg6 45. Rc6+ Kh7 46. Rc7 Kg6 47. Re7 f5 48. Kc2 Rh2+ 49. Kc3 Rxa2 50. Re6+ 1-0

[Event "Live Chess"]
[Site "Chess.com"]
[Date "2010.12.10"]
[Round "-"]
[White "ChessNut71"]
[Black "hipposcottimus"]
[Result "0-1"]
[CurrentPosition "6k1/pp3ppp/2p2q2/8/1P1p4/5K2/5PP1/8 w - -"]
[Timezone "UTC"]
[ECO "C20"]
[ECOUrl "https://www.chess.com/openings/Kings-Pawn-Opening-Leonardis-Variation"]
[UTCDate "2010.12.10"]
[UTCTime "05:09:35"]
[WhiteElo "1514"]
[BlackElo "1659"]
[TimeControl "60"]
[Termination "hipposcottimus won by resignation"]
[StartTime "05:09:35"]
[EndDate "2010.12.10"]
[EndTime "05:11:34"]
[Link "https://www.chess.com/game/live/75803825"]

1. e4 e5 2. d3 Nc6 3. Nf3 Nf6 4. Be2 d5 5. Nc3 d4 6. Nd5 Nxd5 7. exd5 Ne7 8. c3 Nxd5 9. cxd4 exd4 10. O-O Bc5 11. b3 O-O 12. Bd2 Nf6 13. b4 Bb6 14. Ne5 Re8 15. Nf3 c6 16. Re1 Bc7 17. h3 Nh5 18. Nh2 Bxh2+ 19. Kxh2 Qd6+ 20. Kg1 Nf4 21. Bxf4 Qxf4 22. Bf3 Rd8 23. Qb3 Qg5 24. Re4 Bxh3 25. Rae1 Bf5 26. Re8+ Rxe8 27. Rxe8+ Rxe8 28. Be4 Bxe4 29. dxe4 Rxe4 30. Qc4 Re1+ 31. Qf1 Rxf1+ 32. Kxf1 Qc1+ 33. Ke2 Qb1 34. Kf3 Qxa2 35. Kf4 Qe6 36. Kf3 Qf6+ 0-1

[Event "Live Chess"]
[Site "Chess.com"]
[Date "2010.12.10"]
[Round "-"]
[White "hipposcottimus"]
[Black "deathrider2010"]
[Result "1-0"]
[CurrentPosition "1kr5/p1NR4/1pK5/7p/6p1/5P2/PP4PP/8 b - -"]
[Timezone "UTC"]
[ECO "B12"]
[ECOUrl "https://www.chess.com/openings/Caro-Kann-Defense-2.d4"]
[UTCDate "2010.12.10"]
[UTCTime "04:17:29"]
[WhiteElo "1654"]
[BlackElo "1479"]
[TimeControl "60"]
[Termination "hipposcottimus won on time"]
[StartTime "04:17:29"]
[EndDate "2010.12.10"]
[EndTime "04:19:28"]
[Link "https://www.chess.com/game/live/75793533"]

1. e4 c6 2. d4 b6 3. c4 Bb7 4. d5 cxd5 5. cxd5 d6 6. Nc3 e6 7. Bb5+ Nd7 8. Bc6 Bxc6 9. dxc6 Nb8 10. Qf3 Nxc6 11. e5 Qc7 12. exd6 Bxd6 13. Nge2 O-O-O 14. Bf4 Bxf4 15. Nxf4 Nf6 16. O-O Nd5 17. Ncxd5 exd5 18. Rac1 Qd7 19. Rfd1 f6 20. Nxd5 g6 21. Qc3 Rhe8 22. Qxc6+ Qxc6 23. Rxc6+ Kb8 24. Rcc1 Rd7 25. Nxf6 Rxd1+ 26. Rxd1 Rc8 27. Nd5 Rd8 28. f3 Rc8 29. Kf2 Rd8 30. Ke3 Rc8 31. Ke4 Re8+ 32. Kd4 h6 33. Kc4 g5 34. Kb5 h5 35. Kc6 g4 36. Nc7 Rc8 37. Rd7 1-0

[Event "Live Chess"]
[Site "Chess.com"]
[Date "2010.12.10"]
[Round "-"]
[White "deathrider2010"]
[Black "hipposcottimus"]
[Result "1-0"]
[CurrentPosition "r2qr1k1/ppp2ppp/7n/2b5/2P5/1P1B1N1P/PBQ2PP1/1R3RK1 b - -"]
[Timezone "UTC"]
[ECO "A00"]
[ECOUrl "https://www.chess.com/openings/Saragossa-Opening-1...e5"]
[UTCDate "2010.12.10"]
[UTCTime "04:14:15"]
[WhiteElo "1483"]
[BlackElo "1650"]
[TimeControl "60"]
[Termination "deathrider2010 won on time"]
[StartTime "04:14:15"]
[EndDate "2010.12.10"]
[EndTime "04:15:47"]
[Link "https://www.chess.com/game/live/75792858"]

1. c3 e5 2. b3 e4 3. Bb2 d5 4. Qc2 Nf6 5. d3 Bf5 6. dxe4 Bxe4 7. Qd2 Bxb1 8. Rxb1 Nc6 9. Nf3 Be7 10. e3 O-O 11. Bd3 d4 12. exd4 Re8 13. O-O Ng4 14. h3 Nh6 15. c4 Bb4 16. Qc2 Nxd4 17. Bxd4 Bc5 18. Bb2 1-0

[Event "Live Chess"]
[Site "Chess.com"]
[Date "2010.12.10"]
[Round "-"]
[White "mms78"]
[Black "hipposcottimus"]
[Result "1-0"]
[CurrentPosition "rn1Q1k2/p5bp/2p1Brp1/8/8/1Pq3P1/P4P1P/R3R1K1 b - -"]
[Timezone "UTC"]
[ECO "A21"]
[ECOUrl "https://www.chess.com/openings/English-Opening-Reversed-Sicilian-Variation"]
[UTCDate "2010.12.10"]
[UTCTime "04:10:52"]
[WhiteElo "1638"]
[BlackElo "1661"]
[TimeControl "60"]
[Termination "mms78 won by checkmate"]
[StartTime "04:10:52"]
[EndDate "2010.12.10"]
[EndTime "04:12:24"]
[Link "https://www.chess.com/game/live/75792274"]

1. c4 e5 2. Nc3 b5 3. g3 bxc4 4. Bg2 d5 5. e3 d4 6. exd4 Qxd4 7. Nge2 Qc5 8. Na4 Qe7 9. d3 Bd7 10. Nac3 Nf6 11. d4 g6 12. O-O exd4 13. Nxd4 Bg7 14. Bg5 Be6 15. Re1 O-O 16. Nxe6 fxe6 17. Bxf6 Rxf6 18. Bd5 c6 19. Bxc4 Qb4 20. b3 Qxc3 21. Bxe6+ Kf8 22. Qd8# 1-0

[Event "Live Chess"]
[Site "Chess.com"]
[Date "2010.12.10"]
[Round "-"]
[White "hipposcottimus"]
[Black "Zelrome"]
[Result "1-0"]
[CurrentPosition "8/pp3k1p/2p2p2/4p3/5q2/3R4/PPP2R2/5K2 b - -"]
[Timezone "UTC"]
[ECO "C41"]
[ECOUrl "https://www.chess.com/openings/Philidor-Defense-3.Bc4"]
[UTCDate "2010.12.10"]
[UTCTime "04:07:22"]
[WhiteElo "1670"]
[BlackElo "1800"]
[TimeControl "60"]
[Termination "hipposcottimus won on time"]
[StartTime "04:07:22"]
[EndDate "2010.12.10"]
[EndTime "04:09:35"]
[Link "https://www.chess.com/game/live/75791558"]

1. e4 e5 2. Nf3 d6 3. Bc4 Be6 4. Bd5 c6 5. Bb3 d5 6. d4 f6 7. dxe5 Nd7 8. exd5 Bxd5 9. Bxd5 Nxe5 10. Bf7+ Kxf7 11. Nxe5+ fxe5 12. Qf3+ Nf6 13. O-O Bc5 14. Bg5 Qd6 15. Bxf6 gxf6 16. Nc3 Rhe8 17. Ne4 Qe7 18. Ng5+ Kg6 19. Ne4 Bd6 20. Nxd6 Qxd6 21. h4 Qe6 22. Qg3+ Kf7 23. Rad1 Rg8 24. Qf3 Rxg2+ 25. Qxg2 Rg8 26. Kh1 Rxg2 27. Kxg2 Qg4+ 28. Kh1 Qh3+ 29. Kg1 Qxh4 30. f3 Qg4+ 31. Kf2 Qh3 32. Ke1 Qh2 33. Rf2 Qf4 34. Ke2 Qe4+ 35. Kf1 Qf5 36. f4 Qxf4 37. Rd3 1-0

[Event "Live Chess"]
[Site "Chess.com"]
[Date "2010.12.10"]
[Round "-"]
[White "hipposcottimus"]
[Black "Velocity111"]
[Result "0-1"]
[CurrentPosition "7r/6pp/1kp2pb1/p3p3/2P5/2Kr2N1/PPN3PP/7R w - -"]
[Timezone "UTC"]
[ECO "B20"]
[ECOUrl "https://www.chess.com/openings/Sicilian-Defense"]
[UTCDate "2010.12.10"]
[UTCTime "04:05:27"]
[WhiteElo "1670"]
[BlackElo "2002"]
[TimeControl "60"]
[Termination "Velocity111 won by checkmate"]
[StartTime "04:05:27"]
[EndDate "2010.12.10"]
[EndTime "04:06:31"]
[Link "https://www.chess.com/game/live/75791183"]

1. e4 c5 2. Bb5 Nc6 3. Bxc6 bxc6 4. c4 d5 5. d3 dxe4 6. dxe4 Qxd1+ 7. Kxd1 Nf6 8. Ne2 Nxe4 9. Bf4 Nxf2+ 10. Kd2 Nxh1 11. Nbc3 f6 12. Be3 e5 13. Rxh1 Be6 14. Ne4 O-O-O+ 15. Kc3 Kc7 16. Bxc5 Bxc5 17. Nxc5 Bf5 18. Na6+ Kb6 19. Nb4 a5 20. Ng3 Bg6 21. Nc2 Rd3# 0-1

[Event "Live Chess"]
[Site "Chess.com"]
[Date "2010.12.10"]
[Round "-"]
[White "hipposcottimus"]
[Black "rooktoorook"]
[Result "1-0"]
[CurrentPosition "2r5/4bk2/5p1p/4pP2/3n4/8/5NPP/1R4K1 b - -"]
[Timezone "UTC"]
[ECO "B00"]
[ECOUrl "https://www.chess.com/openings/Owens-Defense"]
[UTCDate "2010.12.10"]
[UTCTime "04:01:36"]
[WhiteElo "1672"]
[BlackElo "1493"]
[TimeControl "60"]
[Termination "hipposcottimus won on time"]
[StartTime "04:01:36"]
[EndDate "2010.12.10"]
[EndTime "04:03:50"]
[Link "https://www.chess.com/game/live/75790473"]

1. e4 b6 2. Nf3 Bb7 3. Nc3 c6 4. d4 d6 5. Be3 h6 6. Nd2 e6 7. f4 d5 8. Be2 dxe4 9. Ndxe4 c5 10. O-O cxd4 11. Bxd4 Bxe4 12. Nxe4 Nf6 13. Bxf6 Qxd1 14. Raxd1 gxf6 15. Nxf6+ Ke7 16. Ne4 Bg7 17. f5 e5 18. c3 f6 19. Bc4 Nc6 20. Bb3 Rad8 21. Rde1 Rd3 22. Nf2 Rd2 23. Bc4 Rxb2 24. Ne4 Na5 25. Ba6 Rxa2 26. Bc4 Nxc4 27. Rb1 Rc2 28. Rbd1 Rxc3 29. Nf2 Rc2 30. Rfe1 Nd6 31. Rd4 Nb5 32. Rd5 Rc5 33. Rd2 Nd4 34. Rb2 Bf8 35. Ra2 Kf7 36. Rxa7+ Be7 37. Rb7 Rhc8 38. Rxb6 Rc1 39. Rb1 Rxb1 40. Rxb1 1-0

[Event "Live Chess"]
[Site "Chess.com"]
[Date "2010.12.10"]
[Round "-"]
[White "teribahendi"]
[Black "hipposcottimus"]
[Result "1-0"]
[CurrentPosition "3r2k1/pp4pp/2nbP3/6p1/4Q3/7P/PPP2PP1/R4RK1 b - -"]
[Timezone "UTC"]
[ECO "B01"]
[ECOUrl "https://www.chess.com/openings/Scandinavian-Defense-Blackburne-Kloosterboer-Gambit"]
[UTCDate "2010.12.10"]
[UTCTime "03:57:07"]
[WhiteElo "2030"]
[BlackElo "1668"]
[TimeControl "60"]
[Termination "teribahendi won on time"]
[StartTime "03:57:07"]
[EndDate "2010.12.10"]
[EndTime "03:57:51"]
[Link "https://www.chess.com/game/live/75789409"]

1. e4 d5 2. exd5 c6 3. Nc3 cxd5 4. Bb5+ Bd7 5. Bxd7+ Qxd7 6. Nf3 e6 7. d4 Bd6 8. O-O Nf6 9. h3 O-O 10. Bg5 Ne4 11. Nxe4 dxe4 12. Ne5 f6 13. Nxd7 fxg5 14. Nxf8 Kxf8 15. d5 Kg8 16. dxe6 Nc6 17. Qd5 Rd8 18. Qxe4 1-0

[Event "Live Chess"]
[Site "Chess.com"]
[Date "2010.12.10"]
[Round "-"]
[White "hipposcottimus"]
[Black "teribahendi"]
[Result "0-1"]
[CurrentPosition "5b1r/ppk2pp1/5q2/4np2/2P2Q1p/1P6/P4PPP/R1Br2K1 w - -"]
[Timezone "UTC"]
[ECO "B01"]
[ECOUrl "https://www.chess.com/openings/Scandinavian-Defense-Modern-Variation"]
[UTCDate "2010.12.10"]
[UTCTime "03:54:44"]
[WhiteElo "1668"]
[BlackElo "2030"]
[TimeControl "60"]
[Termination "teribahendi won by checkmate"]
[StartTime "03:54:44"]
[EndDate "2010.12.10"]
[EndTime "03:55:59"]
[Link "https://www.chess.com/game/live/75789071"]

1. e4 d5 2. exd5 Nf6 3. Bc4 Nxd5 4. Bxd5 Qxd5 5. Nc3 Qe6+ 6. Nce2 h5 7. Nf3 h4 8. O-O Bd7 9. Re1 Bc6 10. d4 Qg6 11. d5 Bb5 12. Ned4 Bd7 13. Ne5 Qd6 14. Nxd7 Nxd7 15. c4 O-O-O 16. Nf5 Qf6 17. Qf3 Ne5 18. Qf4 Nd3 19. Qf3 Nxe1 20. Qf4 Nd3 21. Qf3 Ne5 22. Qf4 e6 23. d6 exf5 24. dxc7 Kxc7 25. b3 Rd1# 0-1

[Event "Live Chess"]
[Site "Chess.com"]
[Date "2010.12.10"]
[Round "-"]
[White "teribahendi"]
[Black "hipposcottimus"]
[Result "1-0"]
[CurrentPosition "1n1q2k1/p5Qp/2pbNnp1/4p3/4P3/8/PPPP1PPP/RNB1K2R b KQ -"]
[Timezone "UTC"]
[ECO "C23"]
[ECOUrl "https://www.chess.com/openings/Bishops-Opening-Khan-Gambit"]
[UTCDate "2010.12.10"]
[UTCTime "03:53:08"]
[WhiteElo "2030"]
[BlackElo "1668"]
[TimeControl "60"]
[Termination "teribahendi won by checkmate"]
[StartTime "03:53:08"]
[EndDate "2010.12.10"]
[EndTime "03:54:01"]
[Link "https://www.chess.com/game/live/75788729"]

1. e4 e5 2. Bc4 d5 3. Bxd5 Bd6 4. Bxf7+ Kxf7 5. Qh5+ g6 6. Qf3+ Nf6 7. Qb3+ Be6 8. Qxb7 Rf8 9. Qxa8 Kg7 10. Qb7 Kg8 11. Nf3 Rf7 12. Ng5 Rg7 13. Nxe6 c6 14. Qxg7# 1-0

[Event "Live Chess"]
[Site "Chess.com"]
[Date "2010.12.10"]
[Round "-"]
[White "hipposcottimus"]
[Black "teribahendi"]
[Result "0-1"]
[CurrentPosition "r4rk1/1pp1ppbp/p2qb1p1/8/4N3/3P1N2/PP1BnPPP/R4RK1 w - -"]
[Timezone "UTC"]
[ECO "B01"]
[ECOUrl "https://www.chess.com/openings/Scandinavian-Defense"]
[UTCDate "2010.12.10"]
[UTCTime "03:51:26"]
[WhiteElo "1668"]
[BlackElo "2030"]
[TimeControl "60"]
[Termination "teribahendi won by resignation"]
[StartTime "03:51:26"]
[EndDate "2010.12.10"]
[EndTime "03:52:22"]
[Link "https://www.chess.com/game/live/75788397"]

1. e4 d5 2. Qh5 Nf6 3. Qe5 dxe4 4. d3 Nc6 5. Qb5 a6 6. Qc4 Be6 7. Qc3 exd3 8. cxd3 g6 9. Nf3 Bg7 10. Qd2 O-O 11. Nc3 Nd4 12. Be2 Nxe2 13. Qxe2 Nd5 14. Bd2 Qd6 15. O-O Nf4 16. Ne4 Nxe2+ 0-1

[Event "Live Chess"]
[Site "Chess.com"]
[Date "2010.12.10"]
[Round "-"]
[White "hipposcottimus"]
[Black "teribahendi"]
[Result "0-1"]
[CurrentPosition "4rrk1/7p/1np2pp1/p1Qb1p2/3P1P2/1P6/6qP/R1R3K1 w - -"]
[Timezone "UTC"]
[ECO "B02"]
[ECOUrl "https://www.chess.com/openings/Alekhines-Defense-Scandinavian-Variation-3.exd5"]
[UTCDate "2010.12.10"]
[UTCTime "03:48:12"]
[WhiteElo "1668"]
[BlackElo "2030"]
[TimeControl "60"]
[Termination "teribahendi won by checkmate"]
[StartTime "03:48:12"]
[EndDate "2010.12.10"]
[EndTime "03:49:40"]
[Link "https://www.chess.com/game/live/75787728"]

1. e4 d5 2. exd5 Nf6 3. Nc3 Nxd5 4. Ne4 f5 5. Qh5+ g6 6. Nf6+ exf6 7. Qe2+ Be7 8. Nf3 O-O 9. d4 Nf4 10. Be3 Nd5 11. Qc4 Be6 12. Qb3 Qd7 13. Bc4 c6 14. O-O b5 15. Bxd5 Bxd5 16. Qd3 Bxf3 17. Bf4 Bd5 18. f3 Bd6 19. Bxd6 Qxd6 20. f4 Nd7 21. b3 Nb6 22. c4 bxc4 23. Qc3 cxb3 24. axb3 a5 25. Rfe1 Rae8 26. Red1 Qe6 27. Rdc1 Qe4 28. Qc5 Qxg2# 0-1

[Event "Live Chess"]
[Site "Chess.com"]
[Date "2010.12.10"]
[Round "-"]
[White "teribahendi"]
[Black "hipposcottimus"]
[Result "0-1"]
[CurrentPosition "r3q3/ppp3kp/3b1np1/3P4/3P2b1/2N2p2/PP1P2PP/R1B1K1NR w KQ -"]
[Timezone "UTC"]
[ECO "C23"]
[ECOUrl "https://www.chess.com/openings/Bishops-Opening-2...Nc6"]
[UTCDate "2010.12.10"]
[UTCTime "03:47:25"]
[WhiteElo "2030"]
[BlackElo "1668"]
[TimeControl "60"]
[Termination "hipposcottimus won by resignation"]
[StartTime "03:47:25"]
[EndDate "2010.12.10"]
[EndTime "03:47:57"]
[Link "https://www.chess.com/game/live/75787564"]

1. e4 e5 2. Bc4 Nc6 3. Bxf7+ Kxf7 4. Qh5+ g6 5. Qf3+ Nf6 6. Qb3+ d5 7. exd5 Nd4 8. Qd3 Bd6 9. c3 Kg7 10. cxd4 e4 11. Qe3 Re8 12. Nc3 Bg4 13. f3 exf3 14. Qxe8 Qxe8+ 0-1

[Event "Live Chess"]
[Site "Chess.com"]
[Date "2010.12.10"]
[Round "-"]
[White "Takahiro"]
[Black "hipposcottimus"]
[Result "1-0"]
[CurrentPosition "r4rkQ/ppq2p1p/1n6/3P1p2/2P3P1/1P6/PB4N1/2KR4 b - -"]
[Timezone "UTC"]
[ECO "D00"]
[ECOUrl "https://www.chess.com/openings/Queens-Pawn-Opening-1...d5-2.e3"]
[UTCDate "2010.12.10"]
[UTCTime "03:45:28"]
[WhiteElo "1778"]
[BlackElo "1668"]
[TimeControl "60"]
[Termination "Takahiro won by checkmate"]
[StartTime "03:45:28"]
[EndDate "2010.12.10"]
[EndTime "03:46:50"]
[Link "https://www.chess.com/game/live/75787171"]

1. d4 d5 2. e3 c6 3. Bd3 Nd7 4. Ne2 e6 5. c3 Ngf6 6. Nd2 e5 7. b3 e4 8. Bc2 Be7 9. Bb2 O-O 10. f3 c5 11. fxe4 cxd4 12. exd4 dxe4 13. Nxe4 Nb6 14. Qd2 Bf5 15. Nxf6+ Kh8 16. Bxf5 Bxf6 17. O-O-O Bh4 18. g4 Bg5 19. Nf4 g6 20. h4 Bxh4 21. Rxh4 Qxh4 22. Ng2 Qe7 23. c4 Qc7 24. d5+ Kg8 25. Qd4 gxf5 26. Qh8# 1-0

[Event "Live Chess"]
[Site "Chess.com"]
[Date "2010.12.10"]
[Round "-"]
[White "harshal"]
[Black "hipposcottimus"]
[Result "1-0"]
[CurrentPosition "r1b2r1k/pp3p1Q/3p1Np1/q1p5/3nP2P/1P1P4/PBP5/1K1R1BR1 b - -"]
[Timezone "UTC"]
[ECO "C20"]
[ECOUrl "https://www.chess.com/openings/Kings-Pawn-Opening-Leonardis-Variation"]
[UTCDate "2010.12.10"]
[UTCTime "03:42:31"]
[WhiteElo "1653"]
[BlackElo "1674"]
[TimeControl "60"]
[Termination "harshal won by checkmate"]
[StartTime "03:42:31"]
[EndDate "2010.12.10"]
[EndTime "03:43:55"]
[Link "https://www.chess.com/game/live/75786561"]

1. e4 e5 2. d3 Nc6 3. f4 Nf6 4. fxe5 Nxe5 5. Nf3 Ng6 6. Nc3 d6 7. b3 Be7 8. Bb2 c5 9. h3 O-O 10. g4 Nf4 11. Qd2 Ne6 12. g5 Nh5 13. O-O-O Nxg5 14. Qe2 Nxf3 15. Qxf3 Bg5+ 16. Kb1 Nf4 17. Rg1 Bh6 18. h4 Ne6 19. Nd5 Qa5 20. Qh5 Nd4 21. Qxh6 g6 22. Nf6+ Kh8 23. Qxh7# 1-0

[Event "Live Chess"]
[Site "Chess.com"]
[Date "2010.12.10"]
[Round "-"]
[White "hipposcottimus"]
[Black "TerrenceFord"]
[Result "0-1"]
[CurrentPosition "r3r1k1/p4pbp/4p1p1/2B5/2Pp4/3Q1bN1/P4PqP/R4RK1 w - -"]
[Timezone "UTC"]
[ECO "B51"]
[ECOUrl "https://www.chess.com/openings/Sicilian-Defense-Canal-Attack-3...Nc6"]
[UTCDate "2010.12.10"]
[UTCTime "03:20:44"]
[WhiteElo "1683"]
[BlackElo "1689"]
[TimeControl "60"]
[Termination "TerrenceFord won by checkmate"]
[StartTime "03:20:44"]
[EndDate "2010.12.10"]
[EndTime "03:22:02"]
[Link "https://www.chess.com/game/live/75781960"]

1. e4 c5 2. Nf3 Nc6 3. Bb5 d6 4. Bxc6+ bxc6 5. c4 g6 6. Nc3 Bg7 7. d3 e6 8. Bd2 Ne7 9. O-O O-O 10. d4 cxd4 11. Ne2 c5 12. b4 Bb7 13. bxc5 dxc5 14. e5 Nc6 15. Ng3 Nxe5 16. Bf4 Nxf3+ 17. gxf3 Qh4 18. Bd6 Rfd8 19. Bxc5 Re8 20. Ne2 Bxf3 21. Qd3 Qh3 22. Ng3 Qg2# 0-1

[Event "Live Chess"]
[Site "Chess.com"]
[Date "2010.12.10"]
[Round "-"]
[White "Strangelove13"]
[Black "hipposcottimus"]
[Result "0-1"]
[CurrentPosition "rnb3k1/pp1prppp/8/1p6/7q/2P4P/3K1PP1/7R w - -"]
[Timezone "UTC"]
[ECO "C20"]
[ECOUrl "https://www.chess.com/openings/Kings-Pawn-Opening-Wayward-Queen-Kiddie-Countergambit"]
[UTCDate "2010.12.10"]
[UTCTime "03:18:27"]
[WhiteElo "1330"]
[BlackElo "1691"]
[TimeControl "60"]
[Termination "hipposcottimus won on time"]
[StartTime "03:18:27"]
[EndDate "2010.12.10"]
[EndTime "03:20:15"]
[Link "https://www.chess.com/game/live/75781445"]

1. e4 e5 2. Qh5 Nf6 3. Qxe5+ Be7 4. Qxe7+ Qxe7 5. Bd3 Nxe4 6. Nc3 Nxc3+ 7. Kf1 Ne4 8. Bb5 c6 9. Rb1 cxb5 10. c3 Nxd2+ 11. Bxd2 O-O 12. Bg5 Qe4 13. Be7 Qxb1+ 14. Ke2 Re8 15. h3 Rxe7+ 16. Kd2 Qxb2+ 17. Kd3 Qxa2 18. Nf3 Qc4+ 19. Kd2 Qe4 20. Nh4 Qxh4 0-1

[Event "Live Chess"]
[Site "Chess.com"]
[Date "2010.12.10"]
[Round "-"]
[White "hipposcottimus"]
[Black "Strangelove13"]
[Result "1-0"]
[CurrentPosition "rnQ5/ppp2Npp/1k3p2/1B2p3/P3P3/2Nn2K1/1P4PP/3R3R b - -"]
[Timezone "UTC"]
[ECO "C40"]
[ECOUrl "https://www.chess.com/openings/Kings-Pawn-Opening-Kings-Knight-Busch-Gass-Gambit"]
[UTCDate "2010.12.10"]
[UTCTime "03:16:18"]
[WhiteElo "1691"]
[BlackElo "1330"]
[TimeControl "60"]
[Termination "hipposcottimus won on time"]
[StartTime "03:16:18"]
[EndDate "2010.12.10"]
[EndTime "03:18:10"]
[Link "https://www.chess.com/game/live/75780971"]

1. e4 e5 2. Nf3 Bc5 3. Bc4 Bxf2+ 4. Kxf2 Qf6 5. d4 d6 6. Bg5 Qxg5 7. Nxg5 f6 8. Nf7 Kd7 9. Nxh8 Kc6 10. dxe5 dxe5 11. Qd5+ Kb6 12. a4 Nh6 13. Nc3 Bg4 14. Qd8 Bc8 15. Qxc8 Ng4+ 16. Kg3 Ne3 17. Bb5 Nxc2 18. Rac1 Nb4 19. Nf7 Nd3 20. Rcd1 1-0

[Event "Live Chess"]
[Site "Chess.com"]
[Date "2010.12.10"]
[Round "-"]
[White "Strangelove13"]
[Black "hipposcottimus"]
[Result "0-1"]
[CurrentPosition "5r2/pppk4/3p1q2/4p2p/2B1P3/3PP1P1/PPnBK2P/1R6 w - -"]
[Timezone "UTC"]
[ECO "C47"]
[ECOUrl "https://www.chess.com/openings/Four-Knights-Game-Italian-Variation"]
[UTCDate "2010.12.10"]
[UTCTime "03:14:04"]
[WhiteElo "1330"]
[BlackElo "1691"]
[TimeControl "60"]
[Termination "hipposcottimus won on time"]
[StartTime "03:14:04"]
[EndDate "2010.12.10"]
[EndTime "03:16:00"]
[Link "https://www.chess.com/game/live/75780505"]

1. e4 e5 2. Nf3 Nc6 3. Nc3 Nf6 4. Bc4 Bb4 5. Bxf7+ Ke7 6. Ng5 h6 7. Qf3 h5 8. Bc4 Nd4 9. Qxf6+ gxf6 10. Nf7 Qg8 11. Nxh8 Qxh8 12. O-O Nxc2 13. Rb1 Qg8 14. Nd5+ Kd8 15. Nxf6 Qg6 16. Nd5 Bc5 17. d3 d6 18. Ne3 Bh3 19. g3 Bxe3 20. fxe3 Bxf1 21. Kxf1 Kd7 22. Bd2 Rf8+ 23. Ke2 Qf6 0-1

[Event "Live Chess"]
[Site "Chess.com"]
[Date "2010.12.10"]
[Round "-"]
[White "unknownto"]
[Black "hipposcottimus"]
[Result "0-1"]
[CurrentPosition "5r1k/6pp/p1n5/8/2N5/2PQ2Pb/4P1qP/3R3K w - -"]
[Timezone "UTC"]
[ECO "A00"]
[ECOUrl "https://www.chess.com/openings/Kings-Fianchetto-Opening-1...e5-2.Bg2-d5"]
[UTCDate "2010.12.10"]
[UTCTime "03:12:14"]
[WhiteElo "1647"]
[BlackElo "1691"]
[TimeControl "60"]
[Termination "hipposcottimus won by checkmate"]
[StartTime "03:12:14"]
[EndDate "2010.12.10"]
[EndTime "03:13:42"]
[Link "https://www.chess.com/game/live/75780149"]

1. g3 e5 2. Bg2 d5 3. b3 e4 4. Bb2 f5 5. d3 Nf6 6. dxe4 fxe4 7. Bxf6 Qxf6 8. Qxd5 Qxa1 9. Qxe4+ Be7 10. c3 O-O 11. Nf3 Qxa2 12. O-O Qxb3 13. Qe3 Qf7 14. Ne5 Qf6 15. Nd3 b6 16. Bxa8 Bc5 17. Nxc5 bxc5 18. Qxc5 c6 19. Bxc6 Nxc6 20. Qc4+ Kh8 21. Na3 Ne5 22. Qd4 a6 23. Nc4 Nc6 24. Qd3 Bh3 25. Rd1 Qxf2+ 26. Kh1 Qg2# 0-1

[Event "Live Chess"]
[Site "Chess.com"]
[Date "2010.12.10"]
[Round "-"]
[White "JeeBusSS"]
[Black "hipposcottimus"]
[Result "0-1"]
[CurrentPosition "6k1/pp4pp/8/1P2p3/4P2p/3Pr1q1/P2KRr2/R2Q4 w - -"]
[Timezone "UTC"]
[ECO "A00"]
[ECOUrl "https://www.chess.com/openings/Vant-Kruijs-Opening-1...e5"]
[UTCDate "2010.12.10"]
[UTCTime "03:09:49"]
[WhiteElo "1502"]
[BlackElo "1684"]
[TimeControl "60"]
[Termination "hipposcottimus won on time"]
[StartTime "03:09:49"]
[EndDate "2010.12.10"]
[EndTime "03:11:43"]
[Link "https://www.chess.com/game/live/75779581"]

1. e3 e5 2. d3 d5 3. h4 Nf6 4. e4 d4 5. f3 c5 6. g4 Nc6 7. g5 Nd7 8. c3 f6 9. cxd4 fxg5 10. dxc5 Nxc5 11. b4 Ne6 12. b5 Bb4+ 13. Bd2 Bxd2+ 14. Kxd2 Ncd4 15. Ke3 O-O 16. Ne2 gxh4 17. Nxd4 Qg5+ 18. Ke2 Nxd4+ 19. Kf2 Qf4 20. Bg2 Bg4 21. Nd2 Nxf3 22. Bxf3 Rf7 23. Kf1 Raf8 24. Rh2 Bxf3 25. Rf2 Qg4 26. Nxf3 Rxf3 27. Ke1 Re3+ 28. Re2 Qg3+ 29. Kd2 Rf2 0-1